[Event "41st Amateur D7"]
[Site "ChessGUI4"]
[Date "2013.07.06"]
[Round "14.1"]
[White "Carballo 0.8"]
[Black "FireFly 2.6.0 64-bit"]
[Result "0-1"]
[BlackElo "2258"]
[ECO "E34"]
[EventDate "2013.??.??"]
[TimeControl "40/1500:40/1500:40/1500"]
[WhiteElo "2273"]

{ i5 Quad } 1.d4 Nf6 2.c4 e6 3.Nc3 Bb4 4.Qc2 d5 5.cxd5 Qxd5 6.Nf3 Qf5 7.Qxf5 exf5 8.a3 Be7 9.Bg5 Be6
{ [%eval -40,12] [%emt 0:00:57] (c6) } 10.Bxf6
{ [%eval 34,13] [%emt 0:00:36] (e3) } 10...Bxf6
{ [%eval 7,13] [%emt 0:00:47] (Bxf6) } 11.e4
{ [%eval 40,13] [%emt 0:00:35] (Nb5) } 11...fxe4
{ [%eval 3,13] [%emt 0:00:46] (fxe4) } 12.Nxe4
{ [%eval 20,14] [%emt 0:00: 34] (Nxe4) } 12...Be7
{ [%eval 6,12] [%emt 0:00:46] (Bd5) } 13.Bb5+
{ [%eval 24,13] [%emt 0:00:33] (Bb5) } 13...c6
{ [%eval 15,11] [%emt 0:00:46] (c6) } 14.Bd3
{ [%eval 21,14] [%emt 0:00:32] (Bd3) } 14...Nd7
{ [%eval 22,12] [%emt 0:00:45] (Nd7) } 15.O-O
{ [%eval 22,14] [%emt 0:00:32] (O-O) } 15...O-O-O
{ [%eval 10,12] [%emt 0:00:45] (O-O) } 16.b4
{ [%eval 19,13] [%emt 0:00:31] (Rfe1) } 16...Kb8
{ [%eval 6,12] [%emt 0:00:45] (Kb8) } 17.Rfe1
{ [%eval 21,13] [%emt 0:00:30] (Rfe1) } 17...h6
{ [%eval 13,12] [%emt 0:00:44] (Rhe8) } 18.Rac1
{ [%eval 14,12] [%emt 0:00:29] (Re3) } 18...Bg4
{ [%eval 26, 12] [%emt 0:00:44] (Rhe8) } 19.Ned2
{ [%eval 27,13] [%emt 0:00:29] (Re3) } 19...Rhe8
{ [%eval 26,12] [%emt 0:00:44] (Rhe8) } 20.Bc4
{ [%eval 27,13] [%emt 0:00:28] (Bc4) } 20...Bh5
{ [%eval 33,12] [%emt 0:00:43] (Bh5) } 21.g4
{ [%eval 27,12] [%emt 0: 00:27] (Rc3) } 21...Bg6
{ [%eval 43,12] [%emt 0:00:43] (Bg6) } 22.Re3
{ [%eval 22,13] [%emt 0:00:26] (Rc3) } 22...Bd6
{ [%eval 62,12] [%emt 0:00:42] (Bd6) } 23.h4
{ [%eval 17,14] [%emt 0:00:26] (Rce1) } 23...h5
{ [%eval 72,12] [%emt 0:00:42] (h5) } 24.gxh5
{ [%eval 10,14] [%emt 0:00:25] (g5) } 24...Bxh5
{ [%eval 88,12] [%emt 0:00:42] (Bxh5) } 25.Rce1
{ [%eval 11,15] [%emt 0:00:24] (Rxe8) } 25...Rh8
{ [%eval 126,12] [%emt 0:00: 41] (Rxe3) } 26.Kg2
{ [%eval -15,11] [%emt 0:00:24] (b5) } 26...Nf6
{ [%eval 128,11] [%emt 0:00:41] (Nf6) } 27.R3e2
{ [%eval -24,13] [%emt 0:00:23] (Nb3) } 27...Rh6
{ [%eval 143,11] [%emt 0:00:40] (Rh6) } 28.Ba2
{ [%eval -54,13] [%emt 0:00:23] (Ne4) } 28...Rg6+
{ [%eval 147,12] [%emt 0:00:40] (Bf4) } 29.Kf1
{ [%eval -50,16] [%emt 0:00:22] (Kf1) } 29...Rg4
{ [%eval 147,12] [%emt 0:00:39] (Rh6) } 30.Bc4
{ [%eval -78,12] [%emt 0:00:21] (Bb3) } 30...Bc7
{ [%eval 149,12] [%emt 0:00:39] (Bg6) } 31.Re7
{ [%eval -42,13] [%emt 0:00:21] (Re7) } 31...Rf4
{ [%eval 149,12] [%emt 0:00: 38] (Bd6) } 32.Kg2
{ [%eval -82,13] [%emt 0:00:20] (Kg2) } 32...Rf8
{ [%eval 156,11] [%emt 0:00:38] (Bd6) } 33.Bd3
{ [%eval -57,12] [%emt 0:00:20] (Bd3) } 33...Bb6
{ [%eval 170,11] [%emt 0:00:37] (Bb6) } 34.Be4
{ [%eval -57,12] [%emt 0:00:19] (Be2) } 34...Bd8
{ [%eval 199,11] [%emt 0:00:36] (Rd8) } 35.Re5
{ [%eval -170,15] [%emt 0:00:19] (Re5) } 35...Bc7
{ [%eval 188,12] [%emt 0:00:36] (Bxf3) } 36.Rg5
{ [%eval -106,14] [%emt 0:00:18] (Rg5) } 36...Nxe4
{ [%eval 184,13] [%emt 0:00:35] (Bxf3) } 37.Rxh5
{ [%eval -90,16] [%emt 0:00:18] (Rxh5) } 37...Rg4+
{ [%eval 182,13] [%emt 0:00:27] (Nxd2) } 38.Kf1
{ [%eval -70,16] [%emt 0:00:17] (Kf1) } 38...Nxd2+
{ [%eval 160,13] [%emt 0:00:27] (Nxd2) } 39.Nxd2
{ [%eval -70,15] [%emt 0:00:17] (Nxd2) } 39...Rxd4
{ [%eval 160,12] [%emt 0:00:27] (Rxd4) } 40.Nb3
{ [%eval -69,15] [%emt 0:00:16] (Nf3) } 40...Rd5
{ [%eval 193,12] [%emt 0:00:27] (Rf4) } 41.Rxd5
{ [%eval -56,15] [%emt 0:00:54] (Rg5) } 41...cxd5
{ [%eval 188,13] [%emt 0:00:35] (cxd5) } 42.Kg2
{ [%eval -66,14] [%emt 0:00:52] (h5) } 42...g6
{ [%eval 191,12] [%emt 0:00: 35] (Bd8) } 43.Nd4
{ [%eval -62,15] [%emt 0:00:51] (Nd4) } 43...a6
{ [%eval 202,13] [%emt 0:00:35] (Bd8) } 44.Rd1
{ [%eval -76,14] [%emt 0:00:50] (Nb3) } 44...Rh8
{ [%eval 209,12] [%emt 0:00:35] (Kc8) } 45.Nf3
{ [%eval -84,16] [%emt 0:00:48] (Nf3) } 45...Rd8
{ [%eval 216,12] [%emt 0:00:35] (Rh5) } 46.Ng5
{ [%eval -75,15] [%emt 0:00:47] (Kf1) } 46...Rd7
{ [%eval 231,13] [%emt 0:00:35] (Rd7) } 47.Ne4
{ [%eval -80, 14] [%emt 0:00:46] (Ne4) } 47...d4
{ [%eval 212,12] [%emt 0:00:35] (d4) } 48.Nc5
{ [%eval -88,15] [%emt 0:00:45] (Kf3) } 48...Rd6
{ [%eval 190,12] [%emt 0:00:36] (Rd5) } 49.f4
{ [%eval -74,14] [%emt 0:00:44] (Kf3) } 49...a5
{ [%eval 202,12] [%emt 0:00:35] (b5) } 50.bxa5
{ [%eval -82,13] [%emt 0:00:43] (Kf3) } 50...Bxa5
{ [%eval 215,12] [%emt 0:00:35] (Bxa5) } 51.Ne4
{ [%eval -92,14] [%emt 0:00:42] (Ne4) } 51...Rd8
{ [%eval 212,12] [%emt 0:00:35] (Rd8) } 52.Rd3
{ [%eval -89,15] [%emt 0:00:40] (Ng5) } 52...Kc7
{ [%eval 220,12] [%emt 0:00:35] (Be1) } 53.Ng5
{ [%eval -87,16] [%emt 0:00:39] (Ng5) } 53...Rd7
{ [%eval 234,13] [%emt 0:00:35] (Rd7) } 54.f5
{ [%eval -79, 16] [%emt 0:00:38] (f5) } 54...gxf5
{ [%eval 199,13] [%emt 0:00:35] (gxf5) } 55.h5
{ [%eval -82,15] [%emt 0:00:37] (h5) } 55...Rd6
{ [%eval 178,13] [%emt 0:00:35] (Rd6) } 56.Nxf7
{ [%eval -83,15] [%emt 0:00:37] (Nxf7) } 56...Rf6
{ [%eval 142,14] [%emt 0:00: 35] (Rf6) } 57.Ne5
{ [%eval -74,15] [%emt 0:00:36] (Ng5) } 57...Bb6
{ [%eval 142,13] [%emt 0:00:35] (Bc3) } 58.Rg3
{ [%eval -48,14] [%emt 0:00:35] (Rh3) } 58...Kd6
{ [%eval 160,13] [%emt 0:00:35] (Re6) } 59.Nd3
{ [%eval -44,14] [%emt 0:00:34] (Nd3) } 59...Ba5
{ [%eval 160,13] [%emt 0:00:35] (Bc7) } 60.a4
{ [%eval -60,13] [%emt 0:00:33] (Kf3) } 60...Bd2
{ [%eval 224,13] [%emt 0:00:35] (Bd2) } 61.Rg8
{ [%eval -70, 13] [%emt 0:00:32] (Rg7) } 61...Kd5
{ [%eval 209,12] [%emt 0:00:36] (Kd5) } 62.Rb8
{ [%eval -83,14] [%emt 0:00:31] (Rd8) } 62...b6
{ [%eval 241,13] [%emt 0:00:35] (Rh6) } 63.Rd8+
{ [%eval -91,13] [%emt 0:00:31] (Kf3) } 63...Rd6
{ [%eval 251,12] [%emt 0:00: 35] (Rd6) } 64.Rxd6+
{ [%eval -104,17] [%emt 0:00:30] (Rxd6) } 64...Kxd6
{ [%eval 254, 17] [%emt 0:00:35] (Kxd6) } 65.Kf3
{ [%eval -101,18] [%emt 0:00:28] (Kf3) } 65...Kd5
{ [%eval 254,17] [%emt 0:00:35] (Bg5) } 66.Ke2
{ [%eval -116,16] [%emt 0:00:28] (Nb2) } 66...Bh6
{ [%eval 255,17] [%emt 0:00:36] (Bg5) } 67.Ke1
{ [%eval -150,16] [%emt 0:00:27] (Kf3) } 67...Ke4
{ [%eval 368,16] [%emt 0:00:27] (Ke4) } 68.Ke2
{ [%eval -163,17] [%emt 0:00:27] (Nb2) } 68...Be3
{ [%eval 404,17] [%emt 0:00:22] (Bg7) } 69.Nf2+
{ [%eval -108,15] [%emt 0:00:26] (Nf2) } 69...Bxf2
{ [%eval 538,19] [%emt 0: 00:41] (Kd5) } 70.Kxf2
{ [%eval -320,18] [%emt 0:00:26] (Kxf2) } 70...Ke5
{ [%eval 655, 20] [%emt 0:00:30] (Ke5) } 71.Kf3
{ [%eval -351,18] [%emt 0:00:25] (h6) } 71...Kf6
{ [%eval 656,19] [%emt 0:00:23] (Kf6) } 72.Kf4
{ [%eval -377,18] [%emt 0:00:24] (Kf4) } 72...Kg7
{ [%eval 936,20] [%emt 0:00:45] (Kg7) } 73.Kf3
{ [%eval -808,17] [%emt 0:00:24] (Kf3) } 73...Kh6
{ [%eval 1260,21] [%emt 0:00:46] (Kh6) } 74.Kf4
{ [%eval -1062,18] [%emt 0:00:22] (Kf4) } 74...Kxh5
{ [%eval 1288,21] [%emt 0:00:23] (Kxh5) } 75.Kf3
{ [%eval -1124,17] [%emt 0:00:22] (Kf3) } 75...Kg5
{ [%eval 1293,20] [%emt 0:00:24] (Kg5) } 76.Ke2
{ [%eval -1388,17] [%emt 0:00:22] (Ke2) } 0-1

[Event "41st Amateur D7"]
[Site "ChessGUI4"]
[Date "2013.07.06"]
[Round "14.2"]
[White "Tigran 2.3 64-bit"]
[Black "ChessKiss 1.7 64-bit"]
[Result "1-0"]
[BlackElo "2214"]
[ECO "E15"]
[EventDate "2013.??.??"]
[TimeControl "40/1500:40/1500:40/1500"]
[WhiteElo "2289"]

{ i5 Quad } 1.d4 Nf6 2.c4 e6 3.Nf3 b6 4.g3 Ba6 5.b3 Bb4+ 6.Bd2 Be7 7.Nc3 O-O 8.Rc1 Ba3 9.Rb1 Nc6
{ [%eval 17,14] [%emt 0:00: 43] (c5) } 10.Bg2
{ [%eval -4,14] [%emt 0:00:42] (Bg2) } 10...d5
{ [%eval -26,12] [%emt 0:00:44] (d5) } 11.O-O
{ [%eval 6,13] [%emt 0:00:42] (O-O) } 11...dxc4
{ [%eval -8,11] [%emt 0:00:41] (dxc4) } 12.bxc4
{ [%eval 36,14] [%emt 0:00:42] (bxc4) } 12...Nxd4
{ [%eval -48,12] [%emt 0:00:49] (Nxd4) } 13.Nxd4
{ [%eval 36,13] [%emt 0:00: 43] (Nxd4) } 13...Qxd4
{ [%eval -24,13] [%emt 0:00:39] (Qxd4) } 14.Bxa8
{ [%eval 34,14] [%emt 0:00:43] (Bxa8) } 14...Rxa8
{ [%eval -55,13] [%emt 0:00:36] (Rxa8) } 15.Nb5
{ [%eval 25,14] [%emt 0:00:43] (Nb5) } 15...Bxb5
{ [%eval -53,13] [%emt 0:00:35] (Bxb5) } 16.cxb5
{ [%eval 59,13] [%emt 0:00:41] (cxb5) } 16...Qc4
{ [%eval -69,12] [%emt 0:00: 34] (Bd6) } 17.Qb3
{ [%eval 94,14] [%emt 0:00:43] (Bg5) } 17...Qxe2
{ [%eval -71,14] [%emt 0:00:31] (Qxb3) } 18.Qxa3
{ [%eval 118,15] [%emt 0:00:43] (Qxa3) } 18...Qxd2
{ [%eval -83,14] [%emt 0:00:34] (Qxd2) } 19.Rbd1
{ [%eval 123,16] [%emt 0:00:44] (Rfd1) } 19...Qa5
{ [%eval -85,15] [%emt 0:00:34] (Qe2) } 20.Qxa5
{ [%eval 132,16] [%emt 0:00:36] (Qxa5) } 20...bxa5
{ [%eval -127,17] [%emt 0:00:36] (bxa5) } 21.Rd4
{ [%eval 151,16] [%emt 0:00:35] (Rd4) } 21...Rb8
{ [%eval -127,16] [%emt 0:00:32] (Rb8) } 22.Rc1
{ [%eval 159,16] [%emt 0:00:45] (Rc1) } 22...Nd5
{ [%eval -133,16] [%emt 0:00: 29] (Nd5) } 23.Rc5
{ [%eval 162,16] [%emt 0:00:45] (Rc5) } 23...Rb7
{ [%eval -134,15] [%emt 0:00:28] (h5) } 24.Ra4
{ [%eval 163,15] [%emt 0:00:45] (Ra4) } 24...f5
{ [%eval -137,15] [%emt 0:00:28] (Kf8) } 25.Rxa5
{ [%eval 169,15] [%emt 0:00:45] (Kg2) } 25...Kf7
{ [%eval -141,14] [%emt 0:00:26] (Kf7) } 26.f4
{ [%eval 169,15] [%emt 0:00: 37] (Rc6) } 26...Ke7
{ [%eval -134,13] [%emt 0:00:26] (h6) } 27.Rc6
{ [%eval 188,15] [%emt 0:00:47] (Kf2) } 27...Nb4
{ [%eval -140,15] [%emt 0:00:25] (Rb6) } 28.Rc4
{ [%eval 191,17] [%emt 0:00:47] (Rc4) } 28...Nd5
{ [%eval -145,15] [%emt 0:00:24] (Nd5) } 29.Kf2
{ [%eval 190,16] [%emt 0:00:48] (Kf2) } 29...h6
{ [%eval -151,13] [%emt 0:00: 23] (h6) } 30.a4
{ [%eval 195,15] [%emt 0:00:48] (h4) } 30...g5
{ [%eval -146,14] [%emt 0:00:23] (g5) } 31.fxg5
{ [%eval 210,16] [%emt 0:00:48] (Ra6) } 31...hxg5
{ [%eval -117,14] [%emt 0:00:22] (hxg5) } 32.h4
{ [%eval 228,16] [%emt 0:00:49] (Ra6) } 32...gxh4
{ [%eval -141,13] [%emt 0:00:23] (gxh4) } 33.gxh4
{ [%eval 242,16] [%emt 0:00:50] (gxh4) } 33...Nb6
{ [%eval -170,13] [%emt 0:00:25] (Nb6) } 34.Rc6
{ [%eval 248,16] [%emt 0:00:50] (Rc6) } 34...Nc8
{ [%eval -217,14] [%emt 0:00:20] (Nd5) } 35.Raa6
{ [%eval 301,16] [%emt 0:00:44] (Raa6) } 35...Nd6
{ [%eval -270,14] [%emt 0: 00:21] (Nd6) } 36.Rc1
{ [%eval 307,14] [%emt 0:00:54] (Rc1) } 36...Ne4+
{ [%eval -286, 13] [%emt 0:00:19] (Kf7) } 37.Kf3
{ [%eval 328,15] [%emt 0:00:55] (Kf3) } 37...e5
{ [%eval -325,13] [%emt 0:00:19] (Nd6) } 38.Rac6
{ [%eval 386,15] [%emt 0:00:53] (Rac6) } 38...Kd7
{ [%eval -357,13] [%emt 0:00:17] (Kd7) } 39.Rg1
{ [%eval 460,15] [%emt 0:01:00] (Rd1) } 39...Nd2+
{ [%eval -504,12] [%emt 0:00:17] (Nd2) } 40.Ke3
{ [%eval 540,16] [%emt 0:01:06] (Ke3) } 40...Nb3
{ [%eval -548,12] [%emt 0:00:16] (Nb3) } 41.Rg7+
{ [%eval 553,15] [%emt 0:00:34] (Rg7) } 41...Kc8
{ [%eval -968,15] [%emt 0:00: 59] (Ke8) } 42.h5
{ [%eval 764,15] [%emt 0:00:34] (h5) } 42...Na5
{ [%eval -1013,15] [%emt 0:00:57] (Nd4) } 43.Rf6
{ [%eval 1014,14] [%emt 0:00:34] (Rf6) } 1-0

[Event "41st Amateur D7"]
[Site "ChessGUI4"]
[Date "2013.07.06"]
[Round "14.3"]
[White "Butcher 1.64 64-bit"]
[Black "Shallow 1.0 64-bit"]
[Result "1-0"]
[BlackElo "2200"]
[ECO "D15"]
[EventDate "2013.??.??"]
[TimeControl "40/1500:40/1500:40/1500"]
[WhiteElo "2355"]

{ i5 Quad } 1.d4 c6 2.c4 d5 3.Nf3 Nf6 4.Nc3 a6 5.e3 b5 6.c5 g6 7.Ne5 Bg7 8.Be2 O-O 9.O-O Nfd7 { [%eval -12,14] [%emt 0: 00:42] (d5e4) } 10.f4
{ [%eval 11,11] [%emt 0:01:00] (f4) } 10...Nxe5
{ [%eval -13,14] [%emt 0:00:42] (e6) } 11.fxe5
{ [%eval 38,11] [%emt 0:00:58] (fxe5) } 11...b4
{ [%eval -22,15] [%emt 0:00:42] (f6) } 12.Na4
{ [%eval 66,13] [%emt 0:00:57] (Na4) } 12...Nd7
{ [%eval -19,14] [%emt 0:00:42] (Nd7) } 13.Bd2
{ [%eval 80,12] [%emt 0:01: 05] (Bd3) } 13...a5
{ [%eval -24,15] [%emt 0:00:43] (a5) } 14.a3
{ [%eval 83,12] [%emt 0:01:04] (a3) } 14...bxa3
{ [%eval -26,15] [%emt 0:00:42] (bxa3) } 15.Rxa3
{ [%eval 83, 12] [%emt 0:01:02] (bxa3) } 15...Ba6
{ [%eval -59,13] [%emt 0:00:42] (e6) } 16.Nc3
{ [%eval 92,12] [%emt 0:01:02] (Nc3) } 16...Bb7
{ [%eval -85,13] [%emt 0:00:42] (Bxe2) } 17.e4
{ [%eval 111,11] [%emt 0:00:53] (Qb3) } 17...e6
{ [%eval -61,13] [%emt 0:00:42] (e6) } 18.exd5
{ [%eval 110,10] [%emt 0:01:00] (exd5) } 18...exd5
{ [%eval -67,12] [%emt 0:00:42] (exd5) } 19.Bg4
{ [%eval 125,10] [%emt 0:00:59] (Na2) } 19...f6
{ [%eval -51,12] [%emt 0:00:42] (h5) } 20.Na4
{ [%eval 106,10] [%emt 0:00:58] (Na4) } 20...f5
{ [%eval -65,13] [%emt 0:00:42] (fxe5) } 21.Be2
{ [%eval 167,11] [%emt 0:00:48] (Bf3) } 21...Ra7
{ [%eval -68,12] [%emt 0:00:42] (Qh4) } 22.Qe1
{ [%eval 179, 11] [%emt 0:00:48] (Nc3) } 22...Re8
{ [%eval -77,12] [%emt 0:00:42] (Re8) } 23.Nc3
{ [%eval 211,11] [%emt 0:00:48] (Nc3) } 23...Qb8
{ [%eval -78,12] [%emt 0:00:42] (Ba6) } 24.Nd1
{ [%eval 209,11] [%emt 0:00:47] (Qh4) } 24...Nxc5
{ [%eval -72,14] [%emt 0:01: 08] (a4) } 25.dxc5
{ [%eval 235,11] [%emt 0:00:44] (dxc5) } 25...Bxe5
{ [%eval -57,13] [%emt 0:00:41] (Bxe5) } 26.Kh1
{ [%eval 206,11] [%emt 0:00:45] (Kh1) } 26...Bxh2
{ [%eval -45,13] [%emt 0:00:41] (Bxh2) } 27.Qf2
{ [%eval 199,10] [%emt 0:00:45] (Bxa5) } 27...Bc7
{ [%eval -8,12] [%emt 0:00:41] (a4) } 28.Re1
{ [%eval 208,10] [%emt 0:00:44] (Bf3) } 28...Re4
{ [%eval -3,12] [%emt 0:00:41] (Be5) } 29.Rf3
{ [%eval 178, 11] [%emt 0:00:42] (Rh3) } 29...Qe8
{ [%eval -5,12] [%emt 0:00:41] (Qd8) } 30.Nc3
{ [%eval 195,11] [%emt 0:00:42] (Nc3) } 30...Re6
{ [%eval -3,12] [%emt 0:00:41] (Re6) } 31.Bd3
{ [%eval 200,10] [%emt 0:00:40] (Bc1) } 31...Rxe1+
{ [%eval -4,12] [%emt 0:00: 41] (Rxe1) } 32.Bxe1
{ [%eval 191,11] [%emt 0:00:39] (Bxe1) } 32...Ra8
{ [%eval -6,11] [%emt 0:00:41] (Ra8) } 33.Ne2
{ [%eval 205,11] [%emt 0:00:30] (Re3) } 33...Qe5
{ [%eval -17,12] [%emt 0:00:41] (Qe5) } 34.Rh3
{ [%eval 196,11] [%emt 0:00:32] (Nf4) } 34...Re8
{ [%eval -9,13] [%emt 0:00:41] (Re8) } 35.Bc3
{ [%eval 180,11] [%emt 0:00:30] (Bc3) } 35...Qe7
{ [%eval -61,13] [%emt 0:00:41] (Qe7) } 36.Bd4
{ [%eval 179, 10] [%emt 0:00:24] (Nf4) } 36...Qg5
{ [%eval 6,13] [%emt 0:00:41] (Qg5) } 37.Be3
{ [%eval 195,11] [%emt 0:00:25] (Kg1) } 37...Qg4
{ [%eval 0,13] [%emt 0:00:40] (Qg4) } 38.Rf3
{ [%eval 193,10] [%emt 0:00:23] (Bd4) } 38...Be5
{ [%eval 10,12] [%emt 0:00:41] (Qh5) } 39.Bd4
{ [%eval 165,11] [%emt 0:00:21] (Bh6) } 39...Qh5+
{ [%eval 7,13] [%emt 0:00:41] (Qh5) } 40.Rh3
{ [%eval 163,13] [%emt 0:00:18] (Rh3) } 40...Bxd4
{ [%eval 1, 13] [%emt 0:00:41] (Bxd4) } 41.Qxd4
{ [%eval 162,13] [%emt 0:00:50] (Nxd4) } 41...Qg5
{ [%eval -49,13] [%emt 0:00:37] (Qg4) } 42.Qf2
{ [%eval 152,11] [%emt 0:00:49] (Qc3) } 42...Bc8
{ [%eval 10,12] [%emt 0:00:37] (Bc8) } 43.Ng1
{ [%eval 109,12] [%emt 0:00:48] (Kg1) } 43...Bd7
{ [%eval 18,13] [%emt 0:00:37] (f4) } 44.Qd4
{ [%eval 141,12] [%emt 0:00:48] (Qd4) } 44...Re1
{ [%eval 14,13] [%emt 0:00:37] (Qg4) } 45.Kh2
{ [%eval 140,12] [%emt 0:00:48] (Kh2) } 45...Re7
{ [%eval 14,12] [%emt 0:00:37] (Qd8) } 46.Nf3
{ [%eval 137,12] [%emt 0:00:53] (Nf3) } 46...Qe3
{ [%eval 7,13] [%emt 0:00:37] (Qe3) } 47.Rh4
{ [%eval 131,12] [%emt 0:00:51] (Qc3) } 47...Qxd4
{ [%eval 3,14] [%emt 0:00:37] (Qxd4) } 48.Rxd4
{ [%eval 125,14] [%emt 0:00:51] (Rxd4) } 48...Re3
{ [%eval -7,14] [%emt 0:00:37] (Be8) } 49.Kg3
{ [%eval 124,13] [%emt 0:00:51] (Kg3) } 49...Kf8
{ [%eval -17,15] [%emt 0:00:37] (Kf8) } 50.Kf2
{ [%eval 126,13] [%emt 0:00:50] (Kf2) } 50...Re8
{ [%eval -18,15] [%emt 0:00:37] (Re8) } 51.Be2
{ [%eval 124,13] [%emt 0:00:49] (Ra4) } 51...Rb8
{ [%eval -14,15] [%emt 0:00:37] (Ke7) } 52.Rd2
{ [%eval 118, 13] [%emt 0:00:48] (Ra4) } 52...Ke7
{ [%eval 6,14] [%emt 0:00:37] (Ke7) } 53.Ke3
{ [%eval 115,12] [%emt 0:00:47] (Rd3) } 53...Kf6
{ [%eval 12,13] [%emt 0:00:37] (a4) } 54.Nd4
{ [%eval 87,13] [%emt 0:00:41] (Nd4) } 54...Re8+
{ [%eval 6,13] [%emt 0:00:37] (a4) } 55.Kd3
{ [%eval 101,13] [%emt 0:00:40] (Kd3) } 55...h6
{ [%eval -8,14] [%emt 0: 00:37] (f4) } 56.Bd1
{ [%eval 143,13] [%emt 0:00:40] (b3) } 56...g5
{ [%eval 0,13] [%emt 0:00:37] (g5) } 57.Ba4
{ [%eval 142,13] [%emt 0:00:34] (g3) } 57...Rc8
{ [%eval -15,14] [%emt 0:00:37] (Rc8) } 58.Nb3
{ [%eval 123,13] [%emt 0:00:40] (b4) } 58...Ra8
{ [%eval -7,15] [%emt 0:00:37] (Ra8) } 59.Nd4
{ [%eval 123,13] [%emt 0:00:39] (Nd4) } 59...Rc8
{ [%eval -13,15] [%emt 0:00:37] (Rc8) } 60.Nb3
{ [%eval 124,12] [%emt 0:00:38] (b4) } 60...Ra8
{ [%eval 0,16] [%emt 0:00:37] (Ra8) } 61.Re2
{ [%eval 123,13] [%emt 0:00:38] (Nd4) } 61...f4
{ [%eval 3,15] [%emt 0:00:37] (f4) } 62.Nd4
{ [%eval 110,13] [%emt 0:00:37] (Nd4) } 62...Ra6
{ [%eval 1,14] [%emt 0:00:37] (Rc8) } 63.Nf3
{ [%eval 165,13] [%emt 0:00:37] (Rf2) } 63...Bg4
{ [%eval -126,14] [%emt 0:00:59] (Bg4) } 64.Re8
{ [%eval 157,14] [%emt 0:00:55] (Re8) } 64...Ra7
{ [%eval -132,14] [%emt 0:00: 36] (Bxf3) } 65.Nd4
{ [%eval 286,12] [%emt 0:00:30] (Nd4) } 65...Bd7
{ [%eval -134,14] [%emt 0:00:36] (Bd7) } 66.Rd8
{ [%eval 315,12] [%emt 0:00:33] (Rd8) } 66...Rb7
{ [%eval -137,13] [%emt 0:00:36] (Rb7) } 67.Kc3
{ [%eval 250,13] [%emt 0:00:56] (Nxc6) } 67...Kg7
{ [%eval -224,14] [%emt 0:00:36] (Kg7) } 68.Bxc6
{ [%eval 229,12] [%emt 0:00:31] (Ra8) } 68...Bxc6
{ [%eval -213,14] [%emt 0:00:36] (Bxc6) } 69.Nxc6
{ [%eval 236,13] [%emt 0:00:30] (Nxc6) } 69...Rc7
{ [%eval -220,15] [%emt 0:00:36] (Rc7) } 70.Rd6
{ [%eval 229,13] [%emt 0:00:26] (Rd6) } 70...a4
{ [%eval -216,14] [%emt 0:00: 36] (g4) } 71.Kd3
{ [%eval 249,13] [%emt 0:00:27] (b4) } 71...Kh7
{ [%eval -242,14] [%emt 0:00:36] (Kh7) } 72.Re6
{ [%eval 362,12] [%emt 0:00:26] (Re6) } 72...Rf7
{ [%eval -252,14] [%emt 0:00:36] (Rg7) } 73.Ne5
{ [%eval 470,12] [%emt 0:00:25] (Ne5) } 73...Rf8
{ [%eval -264,13] [%emt 0:00:36] (Rb7) } 74.Re7+
{ [%eval 574,12] [%emt 0:00:22] (c6) } 74...Kg8
{ [%eval -492,14] [%emt 0:00:36] (Kg8) } 75.c6
{ [%eval 576,13] [%emt 0:00:22] (c6) } 75...a3
{ [%eval -510,13] [%emt 0:00:43] (Rc8) } 76.bxa3
{ [%eval 809,13] [%emt 0:00:20] (bxa3) } 76...Ra8
{ [%eval -659,12] [%emt 0: 00:35] (f3) } 77.c7
{ [%eval 880,12] [%emt 0:00:19] (c7) } 77...Rc8
{ [%eval -827,12] [%emt 0:00:35] (Rc8) } 1-0